 Dungeon Crawl Stone Soup version 0.26-a0-771-g060e6a62af (webtiles) character file.

Game seed: 15474417759496838618

1172 Conn the Sneak (level 8, 0/51 HPs)
             Began as an Octopode Fire Elementalist on Nov 8, 2020.
             Was an Initiate of Sif Muna.
             Slain by an ice beast (13 damage)
             ... on level 6 of the Dungeon.
             The game lasted 00:20:03 (4991 turns).

Conn the Sneak (Octopode Fire Elementalist)         Turns: 4991, Time: 00:20:03

Health: 0/51       AC:  1    Str:  7    XL:     8   Next: 41%
Magic:  1/14       EV: 15    Int: 19    God:    Sif Muna [......]
Gold:   165        SH:  0    Dex: 13    Spells: 4/15 levels left

rFire    . . .     SeeInvis .   g - +0 short sword
rCold    . . .     Faith    .   (no shield)
rNeg     . . .     Spirit   .   (helmet restricted)
rPois    .         Reflect  .   h - amulet of the acrobat
rElec    .         Harm     .   (no ring)
rCorr    .         Rampage  .   (no ring)
MR       .....                  (no ring)
Stlth    ++++......             (no ring)
HPRegen  0.17/turn              (no ring)
MPRegen  0.14/turn              (no ring)
                                (no ring)
                                (no ring)

@: mighty, marked
A: almost no armour, stealthy swim, amphibious, 8 rings, constrict 8, camouflage
1, gelatinous body 1
a: Renounce Religion


You were on level 6 of the Dungeon.
You worshipped Sif Muna.
Sif Muna was noncommittal.
You visited 2 branches of the dungeon, and saw 7 of its levels.
You also visited: Ossuary.

You collected 196 gold pieces.
You spent 31 gold pieces at shops.

Inventory:

Hand Weapons
 g - a +0 short sword (weapon)
Missiles
 v - 5 silver boomerangs
 y - 14 poisoned darts
 A - 4 curare-tipped darts (quivered)
Jewellery
 h - an amulet of the acrobat (around mantle)
Wands
 u - a wand of random effects (20)
 x - a wand of acid (9)
Scrolls
 a - 6 scrolls of identify
 b - 2 scrolls of blinking {unknown}
 c - 2 scrolls of fog {unknown}
 i - a scroll of remove curse {unknown}
 j - a scroll of enchant weapon {unknown}
 k - 3 scrolls of enchant armour {unknown}
 l - a scroll of immolation {unknown}
 r - a scroll of fear {unknown}
 s - 5 scrolls of teleportation
 t - 2 scrolls of amnesia {unknown}
 w - a scroll of noise {unknown}
Potions
 d - a potion of haste
 e - a potion of degeneration {unknown}
 f - a potion of curing
 m - a potion of heal wounds
 n - a potion of ambrosia
 o - a potion of mutation {unknown}
 p - 2 potions of flight


   Skills:
 + Level 2.4 Fighting
 + Level 3.2 Short Blades
 + Level 3.8 Dodging
 + Level 5.6 Stealth
 + Level 4.3 Spellcasting
 + Level 3.5 Conjurations
 + Level 0.5 Hexes
 + Level 5.0 Fire Magic
 + Level 1.0 Evocations


You had 4 spell levels left.
You knew the following spells:

 Your Spells              Type           Power        Failure   Level
a - Foxfire               Conj/Fire      ###.         2%          1
b - Conjure Flame         Conj/Fire      ###.....     7%          3
c - Inner Flame           Hex/Fire       ##......     13%         3
d - Sticky Flame          Conj/Fire      ###.....     22%         4

Your spell library contained the following spells:

 Spells                   Type           Power        Failure   Level
 Fireball                 Conj/Fire      ###.......   54%         5


Dungeon Overview and Level Annotations

Branches:
Dungeon (6/15)             Temple (1/1) D:5         Ossuary (visited)

Altars:
Ashenzari
Cheibriados
Fedhas
Gozag
Kikubaaqudgha
Makhleb
Okawaru
Qazlal
Ru
Sif Muna
Uskayaw
Zin
The Shining One

Shops:
D:5 *

Annotations:
D:6 Maggie


Innate Abilities, Weirdness & Mutations

You cannot wear most types of armour.
You are very stealthy in the water. (Stealth+)
You are amphibious.
You can wear up to eight rings at the same time.
You can use your tentacles to constrict eight enemies at once.
Your skin changes colour to match your surroundings (Stealth+).
Your rubbery body absorbs attacks. (AC +1, EV +1)


Message History

Your magical contamination has completely faded away.
Okay, then.
The ice beast misses you. The jackal barely misses you.
Okay, then.
Okay, then.
Okay, then.
A jackal comes into view.
Okay, then.
Unknown command.
Unknown command.
Okay, then.
Okay, then.
Okay, then.
As you read the scroll labeled RAIZAA KAJU, it crumbles to dust.
It is a scroll of identify.
s - 5 scrolls of teleportation The ice beast hits you.
* * * LOW HITPOINT WARNING * * *
The ice beast freezes you!
You die...

### ..# ######.#
#....#.######
#..###.......
#..h.K.#.#
#.h###.#.#
#.)Y@#...#####
######.......###
.....#..(....#
#.#####(......#
.........<..#
#####.......#
#########


You could see an ice beast (inner flame) and a jackal.

Vanquished Creatures
  Pikel (D:6)
  An ice beast (D:4)
  2 ogres (D:4)
  4 orc wizards
  An orc priest (D:4)
  An iguana (D:6)
  4 worker ants
  3 mummies
  8 adders
  An ufetubus (D:5)
  A worm (D:2)
  A dart slug (D:1)
  A leopard gecko (D:4)
  14 orcs
  6 bats
  2 giant cockroaches
  4 goblins
  4 hobgoblins
  5 jackals
  2 kobolds (D:2)
  2 quokkas
  6 frilled lizards
  2 leopard gecko skeletons (D:5)
  2 quokka zombies (D:6)
  9 rats
  A bush (D:3)
88 creatures vanquished.

Vanquished Creatures (others)
  197 foxfires
197 creatures vanquished.

Grand Total: 285 creatures vanquished

Notes
Turn   | Place    | Note
-------+----------+-------------------------------------------
     0 | D:1      | Conn the Octopode Fire Elementalist began the quest for the
                  | Orb.
     0 | D:1      | Reached XP level 1. HP: 11/11 MP: 3/3
   235 | D:1      | Reached XP level 2. HP: 17/17 MP: 3/5
   843 | D:2      | Reached XP level 3. HP: 21/21 MP: 0/6
  1381 | D:3      | Found a glowing golden altar of the Shining One.
  1381 | D:3      | Found a broken altar of Ashenzari.
  1382 | D:3      | Found a stormy altar of Qazlal.
  2200 | D:4      | Reached XP level 4. HP: 4/27 MP: 2/7
  2205 | D:4      | HP: 1/27 [poisoned by a worker ant]
  2445 | D:4      | Reached skill level 1 in Short Blades
  2514 | D:4      | Noticed an ogre
  2551 | D:4      | Learned a level 3 spell: Conjure Flame
  2555 | D:4      | Learned a level 3 spell: Inner Flame
  2565 | D:4      | Killed an ogre
  2565 | D:4      | Reached skill level 1 in Fighting
  2565 | D:4      | Reached XP level 5. HP: 33/33 MP: 4/9
  2721 | D:4      | Noticed an ogre
  2829 | D:4      | Noticed an ice beast
  2839 | D:4      | Killed an ice beast
  2839 | D:4      | Reached XP level 6. HP: 28/38 MP: 4/10
  3359 | D:4      | Learned a level 4 spell: Sticky Flame
  3365 | D:4      | Reached XP level 7. HP: 44/44 MP: 12/12
  3768 | D:5      | Entered Level 5 of the Dungeon
  3775 | D:5      | Found an iron altar of Okawaru.
  4195 | D:5      | Found a staircase to the Ecumenical Temple.
  4204 | Temple   | Entered the Ecumenical Temple
  4216 | Temple   | Became a worshipper of Sif Muna the Loreminder
  4436 | D:5      | Found Xiadar's Serpentskin Sales.
  4447 | D:5      | Bought 4 curare-tipped darts for 31 gold pieces
  4698 | D:6      | Noticed Maggie
  4909 | D:6      | Found a sand-covered staircase.
  4916 | Ossuary  | Entered an ossuary
  4965 | D:6      | Noticed Pikel
  4977 | D:6      | Killed Pikel
  4977 | D:6      | Reached skill level 5 in Stealth
  4977 | D:6      | Reached skill level 5 in Fire Magic
  4977 | D:6      | Reached skill level 1 in Evocations
  4977 | D:6      | Reached XP level 8. HP: 13/51 MP: 7/14
  4991 | D:6      | Slain by an ice beast

Illustrated notes

Levels and vault maps discovered:
D:1:      dpeg_arrival_concentric_ovals, layout_basic, grunt_decor_one_mirror,
          minmay_tetromino_l4
D:2:      layout_basic
D:3:      layout_loops_ring, gammafunk_temple_overflow_forgotten
D:4:      layout_basic
D:5:      layout_loops_ring, okawaru_trees_2, minmay_temple_entry_ruins,
          guppyfry_shop_venom
D:6:      minmay_chambers_of_sixes, layout_basic,
          nicolae_overflow_crystal_walls, enter_ossuary_4, nrook_campfire,
          serial_park_tiny_2, uniq_maggie, uniq_blork_the_orc, uniq_pikel
Temple:   eino_temple_rhombus

Skill      XL: |  1  2  3  4  5  6  7 |
---------------+----------------------+-----
Stealth        | 3 4 5 |  5.6
Short Blades   | 1 2 3 |  3.2
Fighting       | 1 2 |  2.4
Spellcasting   | 3 4 |  4.3
Conjurations   | 2 3 |  3.5
Fire Magic     | 4 5 |  5.0
Dodging        | 3 |  3.8
Evocations     | 1 |  1.0
Hexes          | |  0.5

Action                   |  1- 3 |  4- 6 |  7- 9 || total
-------------------------+-------+-------+-------++-------
Melee: Unarmed           |     4 |       |       ||     4
       Constrict         |     5 |     4 |     8 ||    17
       Short sword       |   167 |    15 |    31 ||   213
       Tentacles         |    34 |     3 |     6 ||    43
 Cast: Foxfire           |    48 |    39 |    26 ||   113
       Inner Flame       |       |       |     2 ||     2
       Conjure Flame     |       |       |     1 ||     1
       Sticky Flame      |       |       |     1 ||     1
Evoke: Wand              |       |       |     7 ||     7
  Use: Potion            |     2 |     5 |     5 ||    12
       Scroll            |       |       |     1 ||     1
 Stab: Sleeping          |     3 |     1 |     5 ||     9
Armor: Skin              |     6 |     4 |     2 ||    12
Dodge: Dodged            |    32 |    19 |    76 ||   127

Table legend: (Time is in decaauts)
 A = Elapsed time spent in this place.
 B = Non-inter-level travel time spent in this place.
 C = Inter-level travel time spent in this place.
 D = Time resting spent in this place.
 E = Time spent auto-exploring this place.
 F = Levels seen in this place.
 G = Mean time per level.
                   A        B        C        D        E       F      G
               +--------+--------+--------+--------+--------+-----+--------+
         Total |   4996 |   4821 |    175 |    756 |   2588 |   8 |  624.5 |
       Dungeon |   4942 |   4777 |    165 |    756 |   2587 |   6 |  823.7 |
        Temple |     22 |     12 |     10 |      0 |      1 |   1 |   22.0 |
       Ossuary |     31 |     31 |      0 |      0 |      0 |   1 |   31.0 |
               +--------+--------+--------+--------+--------+-----+--------+

Top non-repeatable levels by time:
     D:4: 1600 daAuts
     D:5: 1063 daAuts
     D:3: 842 daAuts
     D:2: 734 daAuts
     D:1: 618 daAuts
     D:6: 82 daAuts
 Ossuary: 31 daAuts
  Temple: 22 daAuts
